 Dungeon Crawl Stone Soup version 0.31.0-32-g396128a36d (webtiles) character file.

Game seed: 400157855508705254

571 monsoonserge the Ruffian (level 7, -1/46 HPs)
             Began as an Octopode Fighter on Mar 13, 2024.
             Killed from afar by Sigmund (9 damage)
             ... with a puff of flame
             ... on level 5 of the Dungeon.
             The game lasted 00:09:03 (3825 turns).

monsoonserge the Ruffian (Octopode Fighter)         Turns: 3825, Time: 00:09:04

Health: -1/46      AC:  1    Str: 17    XL:     7   Next: 34%
Magic:  7/7        EV: 13    Int: 10    God:
Gold:   181        SH:  4    Dex: 12    Spells: 6/6 levels left

rFire   . .          .
                       - Unarmed
rCold   . . .        a - +0 buckler
rNeg    . . .        (helmet restricted)
rPois   .            (no amulet)
rElec   .            (no ring)
rCorr   .            (no ring)
SInv    .            (no ring)
Will    .....        (no ring)
Stlth   ++++         (no ring)
HPRegen 0.27/turn    (no ring)
MPRegen 0.10/turn    (no ring)
                     (no ring)

%: no passive effects
@: no status effects
A: almost no armour, amphibious, 8 rings, camouflage 1, gelatinous body 1,
(nimble swimmer 1), tentacles
a: no special abilities


You were on level 5 of the Dungeon.
You visited 1 branch of the dungeon, and saw 5 of its levels.

You collected 233 gold pieces.
You spent 52 gold pieces at shops.

Inventory:

Missiles
 p - 2 poisoned darts (quivered)
 q - 4 boomerangs
Armour
 a - a +0 buckler (worn)
Wands
 k - a wand of paralysis (9)
Scrolls
 e - 5 scrolls of identify {unknown}
 f - a scroll of amnesia {unknown}
 h - 3 scrolls of teleportation {unknown}
 i - a scroll of vulnerability {unknown}
 l - a scroll of torment {unknown}
 m - a scroll of noise {unknown}
 n - a scroll of poison
 r - a scroll of revelation {unknown}
Potions
 b - 2 potions of might
 c - 2 potions of lignification {unknown}
 d - 4 potions of curing
 g - a potion of mutation {unknown}
 j - a potion of attraction {unknown}
 o - a potion of resistance {unknown}
 s - a potion of enlightenment {unknown}


   Skills:
 + Level 3.1 Fighting
 + Level 3.1 Dodging
 + Level 5.5 Stealth
 + Level 3.1 Shields
 * Level 6.5 Unarmed Combat


You had 6 spell levels left.
You didn't know any spells.
Your spell library contained the following spells:

 Spells                   Type           Power      Damage    Failure   Level
 Apportation              Tloc           0%         N/A       43%         1
 Necrotise                Necr           0%         1d4       43%         1
 Sandblast                Erth           0%         2d4       43%         1
 Sting                    Conj/Alch      0%         1d3       43%         1
 Summon Small Mammal      Summ           0%         N/A       43%         1
 Fugue of the Fallen      Necr           0%         N/A       82%         3
 Ozocubu's Armour         Ice            0%         N/A       82%         3
 Passwall                 Erth           0%         N/A       82%         3
 Stone Arrow              Conj/Erth      0%         3d7       82%         3
 Brom's Barrelling Bould  Conj/Erth      0%         2d3       99%         4
 Manifold Assault         Tloc           0%         N/A       99%         4


Dungeon Overview and Level Annotations

Branches:
Dungeon (5/15)
 Temple: D:4-7

Altars:
Ashenzari
Dithmenos
Hepliaklqana
Makhleb
Ru
Uskayaw
Vehumet
Yredelemnul
Zin

Shops:
D:3 :?

Annotations:
D:5 1 runed translucent door, Crazy Yiuf, Sigmund


Innate Abilities, Weirdness & Mutations

You cannot wear most types of armour.
You are amphibious.
You can wear up to eight rings at the same time.
Your skin changes colour to match your surroundings (Stealth+).
Your rubbery body absorbs attacks. (AC +1, EV +1)
((You are camouflaged when in or above water. (Stealth+)))
You have tentacles for arms and can constrict up to eight enemies at once.


Message History

You are confused.
There is an open door here.
You are too confused!
You are too confused!
You are too confused!
Okay, then.
You bump into the rock wall.
Sigmund points at you and mumbles some strange words.
You are more confused.
You bump into the rock wall.
Sigmund casts a spell.
Sigmund flickers and vanishes!
Deactivating autopickup; reactivate with Ctrl-A.
Something hits you.
There is an open door here.
You hear some strange, mumbled words.
A magic dart appears from out of thin air!
The magic dart hits you.
There is an open door here.
You bump into the rock wall.
Something hits you!
It was a potion of curing.
You feel better.
You miss something. Your squeeze misses something. Something hits you!
You tentacle-slap something but do no damage.
Something hits you.
Okay, then.
You bludgeon something! You tentacle-slap something. Something hits you!
You closely miss something. Something hits you!
You closely miss something. You tentacle-slap something. You miss something.
Your squeeze misses something. You block something's attack.
You barely miss something. You tentacle-slap something. Something hits you!
* * * LOW HITPOINT WARNING * * *
Okay, then.
You tentacle-slap something.
You hear some strange, mumbled words.
A puff of flame appears from out of thin air!
The puff of flame hits you!
You die...

#.# #)## #.....#.### #.##
##.## #.....#.. #..#
#).P## #<....####. #.##
#PP..# #.......... #.#
#....# #.......##
#.####....####.......###
#...'......''..#.......#
#.###...{..##.###......#
######.#
###@#######_##.....#
#......# #.# #...##....#
######## #.#
####'####...#
########.####.#...#.##...
#.............'.⌠.'._##..
########..###.#...#.##...
#....# ####'####....
#.#.## #...##.....
#...#######_###.....


There were no monsters in sight!

Vanquished Creatures
  A black bear (D:2)
  An ice beast (D:5)
  2 bombardier beetles
  A hound (D:4)
  Terence (D:2)
  2 iguanas (D:4)
  An orc wizard (D:4)
  9 adders
  3 ribbon worms
  2 dart slugs
  12 orcs
  7 endoplasms
  4 giant cockroaches
  8 goblins
  7 hobgoblins
  6 kobolds
  6 quokkas
  9 ball pythons
  7 bats
  4 frilled lizards (D:2)
  4 rats
97 creatures vanquished.

Notes
Turn   | Place    | Note
-------+----------+-------------------------------------------
     0 | D:1      | monsoonserge the Octopode Fighter began the quest for the
                  | Orb.
     0 | D:1      | Reached XP level 1. HP: 16/16 MP: 1/1
   180 | D:1      | Reached XP level 2. HP: 16/21 MP: 2/2
   314 | D:1      | Reached skill level 1 in Stealth
   381 | D:1      | Reached skill level 3 in Unarmed Combat
   649 | D:2      | Reached XP level 3. HP: 26/26 MP: 3/3
   818 | D:2      | Noticed a black bear
   823 | D:2      | Killed a black bear
   824 | D:2      | Reached skill level 4 in Unarmed Combat
   824 | D:2      | Reached XP level 4. HP: 8/31 MP: 4/4
   824 | D:2      | Reached XP level 5. HP: 9/36 MP: 5/5
   946 | D:2      | Noticed Terence
   958 | D:2      | Killed Terence
  1044 | D:2      | Found a glowing silver altar of Zin.
  1100 | D:2      | Found a faded altar of an unknown god.
  1730 | D:3      | Found a burning altar of Makhleb.
  1978 | D:3      | Found Eskocin's Book Boutique.
  1987 | D:3      | Reached skill level 5 in Unarmed Combat
  2391 | D:3      | Found Ycvay's Magic Scroll Shop.
  2398 | D:3      | Bought a scroll of poison for 52 gold pieces
  2460 | D:4      | Reached XP level 6. HP: 42/42 MP: 6/6
  2523 | D:4      | Found a hide-covered altar of Uskayaw.
  2547 | D:4      | Found a shadowy altar of Dithmenos.
  2718 | D:4      | Found a sacrificial altar of Ru.
  3321 | D:4      | Reached skill level 5 in Stealth
  3321 | D:4      | Reached skill level 6 in Unarmed Combat
  3439 | D:5      | Entered Level 5 of the Dungeon
  3445 | D:5      | Reached XP level 7. HP: 41/46 MP: 7/7
  3497 | D:5      | Found a radiant altar of Vehumet.
  3697 | D:5      | Found a runed translucent door.
  3698 | D:5      | Noticed Crazy Yiuf
  3721 | D:5      | Found a hazy altar of Hepliaklqana.
  3723 | D:5      | Found a basalt altar of Yredelemnul.
  3725 | D:5      | Found a broken altar of Ashenzari.
  3796 | D:5      | Noticed Sigmund
  3825 | D:5      | Killed from afar by Sigmund

Illustrated notes

Levels and vault maps discovered:
D:1:      dpeg_arrival_simpleton_c, layout_rooms, minmay_tripent
D:2:      kennysheep_six_static_rooms, layout_loops_ring, basic_altar,
          shapermc_ecumenical_altar_flowoftime, kennysheep_generic_room_4,
          uniq_terence
D:3:      layout_loops_corners, mainiacjoe_overflow_alcove_2, serial_shops,
          nicolae_square_shop, nicolae_shop_trees
D:4:      layout_basic, mainiacjoe_overflow_brackets,
          mainiacjoe_overflow_six_doors_small,
          nicolae_ru_great_annihilating_truth, kennysheep_boxes
D:5:      layout_basic, mainiacjoe_overflow_surrounded_room,
          grunt_temple_overflow_diamond, nicolae_elyvilon_temple_path,
          hangedman_decor_clover_reticule, st_stairs_5,
          hangedman_decor_slide_cut, nzn_random_ring, uniq_crazy_yiuf_cottage,
          uniq_sigmund

Skill      XL: |  1  2  3  4  5  6 |
---------------+-------------------+-----
Stealth        | 1 3 4 5 |  5.5
Unarmed Combat | 3 4 5 6 |  6.5
Fighting       | |  3.1
Dodging        | |  3.1
Shields        | |  3.1

Action                     |  1- 3 |  4- 6 |  7- 9 || total
---------------------------+-------+-------+-------++-------
  Melee: Unarmed           |    62 |   131 |    29 ||   222
         Tentacles         |     8 |    29 |     2 ||    39
         Constrict         |    14 |    30 |     4 ||    48
         Punch             |     1 |     7 |     2 ||    10
    Use: Potion            |       |       |     1 ||     1
   Stab: Sleeping          |    10 |    21 |     1 ||    32
 Armour: Skin              |    15 |    27 |    19 ||    61
  Dodge: Dodged            |    23 |    59 |     8 ||    90
  Block: Buckler           |    13 |    14 |     6 ||    33
